 Dungeon Crawl Stone Soup version 0.32-a0-22-g6ae6769602 (webtiles) character file.

Game seed: 9283655740644639817

144460 Pooter the Severer (level 16, -3/152 HPs)
             Began as a Minotaur Berserker on Jan 17, 2024.
             Was a High Priest of Trog.
             Succumbed to Vashnia's splash of poison
             ... on level 3 of the Snake Pit on Jan 18, 2024.
             The game lasted 02:58:43 (45130 turns).

Pooter the Severer (Minotaur Berserker)            Turns: 45130, Time: 02:58:43

Health: -3/152     AC: 24    Str: 30    XL:     16   Next: 85%
Magic:  15/15      EV: 10    Int:  6    God:    Trog [*****.]
Gold:   1147       SH:  5    Dex: 15    Spells: 15/15 levels left

rFire   . . .        a - +7 battleaxe (flame)
rCold   + . .        (shield currently unavailable)
rNeg    . . .        O - +5 plate armour {Will+}
rPois   +            (helmet restricted)
rElec   .            (no cloak)
rCorr   .            (no gloves)
SInv    .            k - +2 pair of boots {rampage}
Will    ++...        M - amulet of reflection Stlth
                     T - +6 ring of strength
HPRegen 0.45/turn    W - ring "Idwepum" {Ice rPois Str-4 Dex+5 Slay+6}
MPRegen 0.14/turn

%: reflection, rampage
@: lethally poisoned (-3 -> -15), on berserk cooldown, slowed, very slow
A: horns 2, retaliatory headbutt, hooves 1, fire resistance 1
a: Renounce Religion, Berserk, Trog's Hand, Brothers in Arms


You were on level 3 of the Snake Pit.
You worshipped Trog.
Trog was extremely pleased with you.
You visited 4 branches of the dungeon, and saw 25 of its levels.
You also visited: Ossuary and Gauntlet.

You collected 2593 gold pieces.
You spent 1446 gold pieces at shops.

Inventory:

Hand Weapons
 a - a +7 battleaxe of flaming (weapon)
   (Trog gifted it to you on level 2 of the Snake Pit)
 b - a +5 arbalest of flaming
   (You took it off a kobold blastminer on level 2 of the Orcish Mines)
 h - a +2 heavy dire flail
   (You took it off a naga on level 1 of the Snake Pit)
 v - a +0 vampiric battleaxe
   (You took it off an orc warrior on level 2 of the Orcish Mines)
 A - a +4 heavy broad axe
   (You took it off a death knight on level 14 of the Dungeon)
 G - a +2 dire flail of holy wrath
   (You took it off an orc warlord on level 2 of the Orcish Mines)
Missiles
 o - 35 boomerangs (quivered)
 E - 2 javelins
 L - 5 curare-tipped darts
 U - 3 silver javelins
Armour
 k - a +2 pair of boots of rampaging (worn)
   (You found it in a Gauntlet)
 O - a +5 plate armour of willpower (worn)
   (You took it off an orc warrior on level 1 of the Orcish Mines)
Jewellery
 C - a ring of resist corrosion
   (You found it on level 3 of the Lair of Beasts)
 I - a ring of protection from cold
   (You found it on level 13 of the Dungeon)
 J - a +4 ring of protection
   (You found it on level 9 of the Dungeon)
 M - an amulet of reflection (around neck)
   (You found it on level 10 of the Dungeon)
 N - a ring of positive energy
   (You found it on level 2 of the Dungeon)
 S - a ring of see invisible
   (You bought it in a shop on level 1 of the Snake Pit)
 T - a +6 ring of strength (left hand)
   (You found it on level 3 of the Snake Pit)
 W - the ring "Idwepum" (right hand) {Ice rPois Str-4 Dex+5 Slay+6}
   (You found it in a Gauntlet)

   [ring of ice]

   Ice:       It enhances your ice magic.
   Str-4:     It affects your strength (-4).
   Dex+5:     It affects your dexterity (+5).
   Slay+6:    It affects your accuracy & damage with ranged weapons and melee
   (+6).
   rF-:       It makes you vulnerable to fire.
   rC+:       It protects you from cold.
   rPois:     It protects you from poison
 Z - an amulet of regeneration
   (You found it on level 3 of the Lair of Beasts)
Wands
 c - a wand of charming (33)
   (You found it on level 3 of the Dungeon)
 f - a wand of flame (13)
   (You took it off Natasha on level 3 of the Dungeon)
 p - a wand of roots (11)
   (You took it off Ijyb on level 3 of the Dungeon)
 x - a wand of acid (5)
   (You found it on level 5 of the Lair of Beasts)
 D - a wand of digging (1)
   (You found it in a Gauntlet)
 Q - a wand of polymorph (8)
   (You found it on level 3 of the Lair of Beasts)
 X - a wand of mindburst (5)
   (You found it in a Gauntlet)
Scrolls
 d - 3 scrolls of summoning
 e - a scroll of silence
 j - 3 scrolls of noise {!r}
 l - 4 scrolls of fear
 s - a scroll of immolation {!r}
 t - 6 scrolls of teleportation {@r4}
 u - 7 scrolls of revelation
 w - a scroll of vulnerability {!r}
 y - 4 scrolls of poison
 K - a scroll of blinking
Potions
 g - 4 potions of haste {@q3}
 m - 7 potions of lignification {!q}
 n - 18 potions of curing {@q1}
 r - 5 potions of heal wounds {@q2}
 B - 3 potions of resistance
 F - 6 potions of might
 H - a potion of cancellation
 P - 5 potions of invisibility
 R - 5 potions of mutation {!q}
 V - 2 potions of attraction {!q}
Miscellaneous
 q - a phial of floods (inert)
   (You found it on level 5 of the Lair of Beasts)
 z - a lightning rod (4/4) {!a}
   (You found it in a Gauntlet)
 Y - a phantom mirror (inert)
   (You found it in a Gauntlet)


   Skills:
 + Level 16.5 Fighting
 - Level 18.4 Axes
 - Level 18.0 Ranged Weapons
 + Level 6.5 Throwing
 * Level 14.0 Armour
 + Level 5.0 Dodging
 - Level 4.7 Stealth
 + Level 7.3 Evocations


You had 15 spell levels left.
You didn't know any spells.
Your spell library was empty.

Dungeon Overview and Level Annotations

Branches:
Dungeon (15/15) Zot: 25617  Temple (0/1) D:5            Lair (5/5) D:11 Zot: 17944
 Shoals (0/4) Lair:2        Snake (3/4) Lair:2 Zot: 11016   Slime (0/5) Lair:4
    Orc (2/2) D:11 Zot: 4966     Elf (0/3) Orc:2        Vaults (0/5) D:14
 Depths (0/4) D:15        Ossuary (visited)         Gauntlet (visited)

Altars:
Cheibriados
Elyvilon
Fedhas
Gozag
Kikubaaqudgha
Nemelex Xobeh
Ru
Sif Muna
Trog
Uskayaw
Jiyva
Lugonu

Shops:
D:10 ?   Orc:2 ([*:   Snake:1 !(**   Snake:3 ::

Portals:
Abyss: Lair:1 Lair:5
Trove: D:10 (give +3 shadow dragon scales)

Annotations:
Lair:1 2 transporters, zenocrate's ghost, journeyman VSEn


Innate Abilities, Weirdness & Mutations

You have a pair of horns on your head.
You reflexively headbutt those who attack you in melee.
You have large cloven feet.
Your flesh is heat resistant. (rF+)


Message History

Trog accepts your kill.
Trog appreciates your killing of a magic user.
You hear a splash. x2
Vashnia says, "Slay the Minotaur at once!"
Vashnia shoots an arrow.
The arrow hits you but does no damage.
Your unstable footing causes you to fumble your attack.
The naga sharpshooter mumbles some strange words.
The naga sharpshooter magically shoots a bolt.
The bolt hits you!
* * * LOW HITPOINT WARNING * * *
The naga sharpshooter mumbles some strange words.
The naga sharpshooter magically shoots an arrow.
The arrow hits you but does no damage.
You closely miss Vashnia. You headbutt Vashnia, but do no damage.
The naga sharpshooter mumbles some strange words.
The naga sharpshooter magically shoots an arrow.
The arrow hits you.
* * * LOW HITPOINT WARNING * * *
Vashnia spits poison at you. The splash of poison hits you.
You are poisoned.
You resist.
* * * LOW HITPOINT WARNING * * *
Your unstable footing causes you to fumble your attack.
You feel very sick.
The naga sharpshooter shoots an arrow.
The arrow misses you.
Your unstable footing causes you to fumble your attack.
You feel very sick.
Vashnia shoots an arrow.
The arrow hits you.
* * * LOW HITPOINT WARNING * * *
You open Vashnia like a pillowcase!!! You burn Vashnia.
You kill Vashnia!
Trog accepts your kill.
Trog appreciates your killing of a magic user.
You slice the naga sharpshooter!! You burn the naga sharpshooter!
You are no longer berserk.
You are exhausted.
You feel yourself slow down.
You feel very sick.
The naga sharpshooter casts a spell.
The naga sharpshooter magically shoots an arrow.
The arrow hits you but does no damage.
The naga sharpshooter shoots a bolt.
The bolt hits you!!
* * * LOW HITPOINT WARNING * * *
Your Armour skill increases to level 14!
Your Dodging skill increases to level 5!
Blink to where?
Press: ? - help, Dir - move target
As you read the scroll of blinking, it crumbles to dust.
You die...

#............
##........##..
##..........###
##......≈≈≈).#
##.......≈∩≈..##
##........≈.≈...##
##.^......)≈.≈)....
###..........≈.≈...).
##...@...#....≈.≈..##.
##........#....≈.≈..# #
#.......###....≈.≈....
#.....####†....≈.≈....
##....##..........#....
#.....#....).#.#######.
##.##.........#.#
#§.##.....)).#.## >.##
# #N)##^...)....###
....##


There were no monsters in sight!

Vanquished Creatures
  Vashnia (Snake:3)
  Jorgrun (D:15)
  An orc warlord (Orc:2)
  A minotaur (Gauntlet)
  Azrael (D:13)
  Snorg (D:13)
  5 hydras
  Josephine (Orc:1)
  2 rakshasas (D:15)
  A salamander tyrant (Snake:3)
  Erolcha (Orc:1)
  3 catoblepae
  4 vault guards (D:14)
  A death knight (D:14)
  9 anacondas
  2 boulder beetles
  3 centaur warriors
  7 two-headed ogres
  7 naga warriors
  A tengu warrior (D:13)
  4 thrashing horrors (Lair:5)
  4 naga sharpshooters
  3 orc high priests (Orc:2)
  Sonja (D:10)
  2 shock serpents (Snake:3)
  A salamander mystic (Snake:3)
  A skyshark (Lair:2)
  9 skeletal warriors
  A glowing orange brain (D:15)
  4 mana vipers
  3 naga ritualists
  A deep elf pyromancer (D:15)
  5 orc knights
  4 oklob plants (Lair:4)
  8 salamanders (Snake:3)
  2 manticores
  6 cyclopes
  5 orc sorcerers (Orc:2)
  20 ugly things
  3 meliai (D:14)
  5 guardian serpents
  5 elephants
  22 black mambas
  A kobold blastminer (Orc:2)
  8 naga magi
  3 smoke demons
  2 unseen horrors (shapeshifter) (D:15)
  9 cane toads
  3 unseen horrors
  A torpor snail (Lair:1)
  2 rime drakes
  13 komodo dragons
  A tengu conjurer (D:13)
  2 efreet
  4 trolls
  3 hornets
  A red devil (Gauntlet)
  A hornet (shapeshifter) (Lair:5)
  A snapping turtle (Lair:2)
  Grinder (D:5)
  4 raiju (Lair:5)
  10 dream sheep
  23 blink frogs
  5 polar bears
  A centaur simulacrum (D:15)
  A ynoxinul (Lair:5)
  A spriggan (Lair:5)
  18 slime creatures
  A water elemental (Lair:2)
  9 wraiths
  Sigmund (D:3)
  11 small abominations (Lair:5)
  A warg (Orc:1)
  A shadow (D:13)
  A hog (shapeshifter) (D:13)
  67 yaks
  5 steam dragons
  7 fire elementals
  8 basilisks
  3 vampire mosquitoes (D:13)
  A basilisk (shapeshifter) (D:13)
  3 chaos spawn (Lair:5)
  Menkaure (D:6)
  25 nagas
  A swamp worm (shapeshifter) (D:15)
  4 acid dragons
  5 hell hounds
  20 water moccasins
  4 black bears
  A swamp drake (Lair:4)
  5 ice beasts
  40 orc warriors
  A meliai simulacrum (D:14)
  4 ogres
  6 wolves
  11 centaurs
  3 elf zombies (Ossuary)
  10 bullfrogs
  3 kobold brigands
  2 gnoll sergeants
  A scorpion (Lair:2)
  4 earth elementals (D:12)
  11 killer bees
  6 electric eels
  4 howler monkeys
  2 crimson imps (Gauntlet)
  3 hounds
  A human zombie (Ossuary)
  3 centaur zombies (Ossuary)
  24 orc priests
  6 jellies
  A bombardier beetle (D:7)
  2 gnoll boudas
  Ijyb (D:3)
  Jessica (D:2)
  2 sleepcaps
  13 iguanas
  22 orc wizards
  Natasha (thrice) (D:3)
  2 ogre zombies (Ossuary)
  7 mummies (Ossuary)
  13 gnolls
  12 adders
  3 white imps
  2 ufetubi (D:5)
  An adder zombie (Ossuary)
  A dart slug (D:3)
  5 ribbon worms
  99 orcs
  5 bats
  4 endoplasms
  4 giant cockroaches
  8 goblins
  6 hobgoblins
  4 jackals (D:2)
  11 kobolds
  6 quokkas
  6 ball pythons
  16 frilled lizards
  5 goblin zombies (Ossuary)
  2 hobgoblin zombies (Ossuary)
  3 kobold zombies (Ossuary)
  6 quokka zombies (Ossuary)
  5 rats
  4 rat zombies (Ossuary)
906 creatures vanquished.

Vanquished Creatures (collateral kills)
  Rupert (D:12)
  An orc wizard (Orc:2)
  A ribbon worm (D:5)
3 creatures vanquished.

Vanquished Creatures (others)
  An orc knight (Orc:2)
  A black mamba (Snake:1)
  A troll (Orc:2)
  An orc warrior (Orc:2)
  An orc wizard (D:10)
  An orc (Orc:2)
6 creatures vanquished.

Grand Total: 915 creatures vanquished

Notes
Turn   | Place    | Note
-------+----------+-------------------------------------------
     0 | D:1      | Pooter the Minotaur Berserker began the quest for the Orb.
     0 | D:1      | Reached XP level 1. HP: 19/19 MP: 0/0
    77 | D:1      | Reached XP level 2. HP: 25/27 MP: 1/1
   148 | D:1      | Reached skill level 1 in Stealth
   196 | D:1      | Found a faded altar of an unknown god.
   353 | D:1      | Reached XP level 3. HP: 33/33 MP: 2/2
  1576 | D:2      | Noticed Jessica
  1578 | D:2      | Killed Jessica
  1579 | D:2      | Reached XP level 4. HP: 40/40 MP: 3/3
  1747 | D:3      | Found a blossoming altar of Fedhas.
  1911 | D:3      | Noticed Natasha
  1920 | D:3      | Killed Natasha
  1920 | D:3      | Reached ** piety under Trog
  1921 | D:3      | Reached skill level 5 in Axes
  2126 | D:3      | Noticed Ijyb
  2135 | D:3      | Killed Ijyb
  2136 | D:3      | Reached XP level 5. HP: 32/47 MP: 4/4
  2209 | D:3      | Noticed Sigmund
  2225 | D:3      | Killed Sigmund
  2226 | D:3      | Reached XP level 6. HP: 45/55 MP: 5/5
  2529 | D:3      | Noticed Natasha
  2541 | D:3      | Killed Natasha
  2542 | D:3      | Reached skill level 5 in Fighting
  2570 | D:3      | Noticed Natasha
  2577 | D:3      | Killed Natasha
  2681 | D:4      | Found a sand-covered staircase.
  2686 | Ossuary  | Entered an ossuary
  2892 | Ossuary  | Reached XP level 7. HP: 61/61 MP: 6/6
  3570 | D:4      | Reached skill level 1 in Ranged Weapons
  3589 | D:4      | Reached XP level 8. HP: 70/70 MP: 7/7
  4444 | D:5      | Entered Level 5 of the Dungeon
  4704 | D:5      | Reached *** piety under Trog
  4764 | D:5      | Found a staircase to the Ecumenical Temple.
  4834 | D:5      | Noticed Grinder
  4858 | D:5      | Killed Grinder
  5257 | D:5      | Reached skill level 5 in Ranged Weapons
  5835 | D:6      | Found a sacrificial altar of Ru.
  5848 | D:6      | Reached XP level 9. HP: 59/79 MP: 8/8
  6124 | D:6      | Found a snail-covered altar of Cheibriados.
  6229 | D:6      | Noticed Menkaure
  6232 | D:6      | Killed Menkaure
  6233 | D:6      | Reached skill level 10 in Axes
  6421 | D:7      | Upgraded the game from 0.32-a0-18-g89e19f1974 to
                  | 0.32-a0-20-ge526923d97
 10130 | D:9      | Noticed a manticore
 10141 | D:9      | Killed a manticore
 10142 | D:9      | Reached XP level 10. HP: 89/90 MP: 9/9
 11208 | D:9      | Noticed a two-headed ogre
 11214 | D:9      | Killed a two-headed ogre
 11813 | D:10     | Entered Level 10 of the Dungeon
 11826 | D:10     | Noticed a two-headed ogre
 11837 | D:10     | Killed a two-headed ogre
 12709 | D:10     | Reached skill level 10 in Ranged Weapons
 12810 | D:10     | Found a portal to a secret trove of treasure.
 12899 | D:10     | Noticed Sonja
 12925 | D:10     | Killed Sonja
 12926 | D:10     | Reached XP level 11. HP: 86/99 MP: 10/10
 13046 | D:10     | Found a hide-covered altar of Uskayaw.
 13046 | D:10     | Found a sparkling altar of Nemelex Xobeh.
 13048 | D:10     | Found an opulent altar of Gozag.
 13051 | D:10     | Found an ancient bone altar of Kikubaaqudgha.
 13191 | D:10     | Found Suang's Magic Scroll Boutique.
 13194 | D:10     | Bought a scroll of identify for 32 gold pieces
 13194 | D:10     | Bought a scroll of fog for 64 gold pieces
 13194 | D:10     | Bought a scroll of revelation for 120 gold pieces
 13194 | D:10     | Bought a scroll of revelation for 120 gold pieces
 13194 | D:10     | Bought a scroll of enchant armour for 120 gold pieces
 13263 | D:11     | Reached skill level 10 in Fighting
 13579 | D:11     | Found a staircase to the Orcish Mines.
 13589 | Orc:1    | Entered Level 1 of the Orcish Mines
 13647 | Orc:1    | Noticed Erolcha
 13783 | Orc:1    | Killed Erolcha
 13866 | Orc:1    | Noticed an orc knight
 13888 | Orc:1    | Killed an orc knight
 14080 | Orc:2    | Entered Level 2 of the Orcish Mines
 14769 | Orc:2    | Noticed an orc sorcerer
 14770 | Orc:2    | Paralysed by an orc sorcerer for 2 turns
 14783 | Orc:2    | Paralysed by an orc sorcerer for 4 turns
 14790 | Orc:2    | Killed an orc sorcerer
 14846 | Orc:2    | Noticed an orc knight
 14868 | Orc:1    | Killed an orc knight
 14991 | Orc:2    | Found a staircase to the Elven Halls.
 15442 | Orc:1    | Noticed Josephine
 15482 | Orc:1    | Killed Josephine
 16080 | Orc:2    | Noticed an orc high priest
 16096 | Orc:2    | Noticed an orc knight
 16287 | Orc:2    | Noticed an orc sorcerer
 16295 | Orc:2    | Killed an orc high priest
 16301 | Orc:2    | Killed an orc sorcerer
 16337 | Orc:2    | Noticed an orc knight
 16361 | Orc:1    | Killed an orc knight
 16362 | Orc:1    | Reached XP level 12. HP: 104/110 MP: 11/11
 16642 | Orc:2    | Reached skill level 15 in Axes
 16667 | Orc:2    | Noticed an orc warlord
 16682 | Orc:2    | Killed an orc warlord
 17083 | Orc:2    | Noticed an orc high priest
 17335 | Orc:2    | Killed an orc high priest
 18129 | Orc:2    | Noticed an orc high priest
 18143 | Orc:2    | Killed an orc high priest
 18144 | Orc:2    | Reached skill level 5 in Armour
 20418 | Orc:2    | Found Xuciusyrph's General Store.
 20419 | Orc:2    | Found Usiasuocs's Book Shoppe.
 20421 | Orc:2    | Found Qaizugiymu's Antique Armour Shoppe.
 20421 | Orc:2    | Found Yloiw's Antique Weapon Emporium.
 20426 | Orc:2    | Bought a scroll of enchant weapon for 90 gold pieces
 20426 | Orc:2    | Bought a potion of heal wounds for 60 gold pieces
 20426 | Orc:2    | Bought a potion of heal wounds for 60 gold pieces
 20643 | D:11     | Noticed a two-headed ogre
 20652 | D:11     | Killed a two-headed ogre
 20833 | D:11     | Noticed a two-headed ogre
 20841 | D:11     | Killed a two-headed ogre
 20952 | D:11     | Found a staircase to the Lair.
 21661 | Lair:1   | Entered Level 1 of the Lair of Beasts
 22128 | Lair:1   | Reached XP level 13. HP: 106/119 MP: 12/12
 22171 | Lair:1   | Noticed zenocrate's ghost (journeyman VSEn)
 22178 | Lair:1   | Found a transporter.
 22288 | Lair:1   | You fall into a shaft and drop 1 floor!
 22343 | Lair:2   | Found a staircase to the Snake Pit.
 22424 | Lair:2   | Reached **** piety under Trog
 22491 | Lair:2   | Found a gate leading to a gauntlet.
 22590 | Gauntlet | Entered a Gauntlet
 22590 | Gauntlet | Found a transporter.
 22590 | Gauntlet | Found a transporter.
 22777 | Gauntlet | Found a transporter.
 22786 | Gauntlet | Found a transporter.
 22790 | Gauntlet | Found a transporter.
 22819 | Gauntlet | Found a transporter.
 22897 | Gauntlet | Found a transporter.
 22899 | Gauntlet | Found a transporter.
 22907 | Gauntlet | Found a transporter.
 22927 | Gauntlet | Found a transporter.
 23020 | Gauntlet | Noticed a minotaur
 23028 | Gauntlet | Killed a minotaur
 23073 | Gauntlet | Identified the ring "Idwepum" {Ice rPois Str-4 Dex+5
                  | Slay+6}
 23616 | Lair:1   | Found a transporter.
 23643 | Lair:1   | Found a one-way gate to the infinite horrors of the Abyss.
 24531 | Lair:2   | Found a staircase to the Shoals.
 24677 | Lair:3   | Identified the orb of Zoskuve {mayhem, Str+5}
 24689 | Lair:3   | Reached skill level 15 in Ranged Weapons
 25875 | Lair:4   | Found a white marble altar of Elyvilon.
 26256 | Lair:4   | Reached XP level 14. HP: 130/130 MP: 13/13
 26767 | Lair:4   | Reached ***** piety under Trog
 27322 | Lair:4   | Reached skill level 1 in Evocations
 27408 | Lair:4   | Found a viscous altar of Jiyva.
 27446 | Lair:4   | Found a staircase to the Slime Pits.
 27707 | Lair:5   | Entered Level 5 of the Lair of Beasts
 27895 | Lair:5   | Found a sacrificial altar of Ru.
 29237 | Lair:5   | Reached skill level 10 in Armour
 33877 | Lair:5   | Found a corrupted altar of Lugonu.
 34311 | D:12     | Reached XP level 15. HP: 139/139 MP: 14/14
 34357 | D:12     | Noticed Rupert
 34370 | D:12     | Killed Rupert
 34916 | D:13     | Received a gift from Trog
 35041 | D:13     | Reached skill level 1 in Throwing
 35214 | D:13     | Reached skill level 15 in Fighting
 35360 | D:13     | Noticed Azrael
 35371 | D:13     | Killed Azrael
 35768 | D:13     | Noticed Snorg
 35774 | D:13     | Killed Snorg
 36005 | D:14     | Reached skill level 5 in Evocations
 36097 | D:14     | Found a gate to the Vaults.
 36769 | D:15     | Entered Level 15 of the Dungeon
 37059 | D:15     | Found a shimmering blue altar of Sif Muna.
 37359 | D:15     | Found a staircase to the Depths.
 37515 | D:15     | Noticed Jorgrun
 37525 | D:15     | Killed Jorgrun
 37578 | D:15     | Reached XP level 16. HP: 150/150 MP: 15/15
 37633 | D:15     | HP: 1/150 [burnt (15)]
 37638 | D:15     | HP: 6/150 [burnt (24)]
 37981 | D:15     | Upgraded the game from 0.32-a0-20-ge526923d97 to
                  | 0.32-a0-22-g6ae6769602
 37991 | D:15     | Gained mutation: You have large cloven feet. [potion of
                  | mutation]
 37991 | D:15     | Gained mutation: Your flesh is heat resistant. (rF+)
                  | [potion of mutation]
 38169 | Snake:1  | Entered Level 1 of the Snake Pit
 38805 | Snake:1  | Found Gatioj's Distillery.
 38807 | Snake:1  | Found Runtugeho's Weapon Boutique.
 38813 | Snake:1  | Bought a potion of heal wounds for 65 gold pieces
 38813 | Snake:1  | Bought a potion of heal wounds for 65 gold pieces
 38813 | Snake:1  | Bought a potion of curing for 39 gold pieces
 38813 | Snake:1  | Bought a potion of curing for 39 gold pieces
 38813 | Snake:1  | Bought a potion of might for 52 gold pieces
 38813 | Snake:1  | Bought a potion of mutation for 104 gold pieces
 38813 | Snake:1  | Bought a potion of invisibility for 104 gold pieces
 38823 | Snake:1  | Found Coesaq's General Store.
 38823 | Snake:1  | Found Miloheil's Assorted Antiques.
 38836 | Snake:1  | Bought a large steel ring for 125 gold pieces
 38836 | Snake:1  | Bought a scroll of enchant weapon for 187 gold pieces
 39472 | Snake:1  | Reached skill level 5 in Throwing
 40834 | Snake:2  | Received a gift from Trog
 43461 | Snake:3  | Found a bloodstained altar of Trog.
 44764 | Snake:3  | Found Qiaraj's Book Shoppe.
 44960 | Snake:3  | Found Mirynyz's Book Boutique.
 45106 | Snake:3  | Noticed Vashnia
 45129 | Snake:3  | Killed Vashnia
 45129 | Snake:3  | HP: 2/152 [naga sharpshooter/bolt[Vashnia] (27)]
 45130 | Snake:3  | Reached skill level 5 in Dodging
 45130 | Snake:3  | Succumbed to Vashnia's splash of poison

Illustrated notes

Levels and vault maps discovered:
D:1:      tarquinn_simple_flora_water_f, layout_basic,
          nicolae_ecumenical_lake_church
D:2:      layout_basic, uniq_jessica
D:3:      layout_basic, fedhas_altar_1, serial_curves, eino_curves_01,
          eino_curves_03, eino_curves_01, minmay_misc_feat_encased,
          minmay_strange_pillars, st_stairs_7, chequers_serial_rivers_small_a,
          feat_on_display, uniq_ijyb, uniq_natasha, uniq_sigmund
D:4:      black_bear_nest_2, layout_layer_cave,
          nicolae_ossuary_entry_false_entrances, grunt_ministairs_11
D:5:      layout_basic, temple_fountains, uniq_grinder
D:6:      layout_cave_pools, nicolae_ru_path_of_blood, cheibrodos_worm_habitat,
          uniq_menkaure
D:7:      layout_basic, minmay_misc_feat_rows, minmay_misc_feat_hallway
D:8:      layout_layer_cave
D:9:      layout_rooms
D:10:     layout_roguey, minitemple, enter_trove_3, serial_shops,
          nicolae_shop_behind_doors, skrybe_limestone_x, uniq_sonja
D:11:     layout_cave_pods, hellmonk_lair_entry_icy, orc_0_dummy,
          chequers_serial_rivers_micro_c, serial_bayou_ford_a,
          minmay_fractal_squares_5
D:12:     minmay_stone_box, layout_rooms, special_room [special_room_orc],
          uniq_rupert
D:13:     layout_basic, st_stairs_12, uniq_snorg, uniq_azrael
D:14:     layout_roguey, lightli_vaults_fourway_checkpoint,
          minmay_misc_feat_diagonals
D:15:     gammafunk_enter_depths_forms, layout_loops_ring, old_standard_altar,
          uniq_jorgrun
Lair:1:   layout_loops_ring, gammafunk_ghost_abyssal_escape,
          cheibrodos_lair_reptile_den, infiniplex_staircase_pool_2
Lair:2:   layout_cave_pods, minmay_shoals_entry_hut, dummy_snake_entry,
          gauntlet_entry_generic
Lair:3:   layout_chaotic_city, grunt_megastairs_3
Lair:4:   lemuel_reptile_caves, layout_cave_pods, minmay_slime_entry_oklob_open,
          basic_altar, grunt_megastairs_2
Lair:5:   hellmonk_lair_end_abyssal_woods, layout_cave_shapes, basic_altar
Snake:1:  layout_grid_maze, grunt_ministairs_8, nicolae_snake_serpentine_bazaar,
          serial_bayou_shore_b
Snake:2:  layout_onion, drop_trap, nrook_guardian_serpent_ordinary
Snake:3:  layout_onion, serial_shops, nicolae_shop_peninsula, basic_altar,
          grunt_megastairs_5, minmay_shop_star, uniq_vashnia
Orc:1:    layout_diamond_mine, uniq_josephine, uniq_erolcha
Orc:2:    st_orc_congregation, layout_caves

Skill      XL: |  1  2  3  4  5  6  7  8  9 10 11 12 13 14 15 16 |
---------------+-------------------------------------------------+-----
Axes           | 4 5 6 7 9 11 13 14 15 16 17 18 | 18.4
Stealth        | 1 2 3 4 |  4.7
Fighting       | 4 5 6 7 8 9 11 12 13 14 15 16 | 16.5
Ranged Weapons | 1 5 7 10 12 14 15 17 18 | 18.0
Armour         | 3 6 9 10 11 14 | 14.0
Evocations     | 4 5 7 |  7.3
Throwing       | 4 6 |  6.5
Dodging        | 5 |  5.0

Action                     |  1- 3 |  4- 6 |  7- 9 | 10-12 | 13-15 | 16-18 || total
---------------------------+-------+-------+-------+-------+-------+-------++-------
  Melee: Hand axe          |    61 |    87 |    93 |       |       |       ||   241
         Headbutt          |    11 |    14 |    48 |    71 |   193 |    31 ||   368
         Punch             |       |     2 |     4 |     6 |     1 |     2 ||    15
         War axe           |       |       |   173 |   376 |     5 |       ||   554
         Battleaxe         |       |       |       |    77 |   604 |    87 ||   768
         Dire flail        |       |       |       |       |    10 |       ||    10
         Broad axe         |       |       |       |       |   107 |    75 ||   182
   Fire: Shortbow          |       |       |    57 |       |       |       ||    57
         Orcbow            |       |       |    50 |    52 |       |       ||   102
         Arbalest          |       |       |       |   171 |   336 |   172 ||   679
  Throw: Boomerang         |       |       |       |    10 |     8 |     2 ||    20
         Dart              |       |       |       |       |     1 |       ||     1
 Invoke: Berserk           |       |     2 |    10 |    31 |    21 |     2 ||    66
         Trog's Hand       |       |     2 |     4 |    24 |    19 |     5 ||    54
  Evoke: Wand              |       |     1 |     6 |    21 |    17 |     3 ||    48
         Phial of floods   |       |       |       |       |     1 |     1 ||     2
         Phantom mirror    |       |       |       |       |       |     1 ||     1
    Use: Scroll            |     2 |     2 |    13 |    20 |    16 |     4 ||    57
         Potion            |       |       |       |       |     4 |     5 ||     9
   Stab: Sleeping          |     1 |       |       |       |       |       ||     1
         Petrified         |       |       |       |       |     3 |       ||     3
         Petrifying        |       |       |       |       |     1 |       ||     1
 Armour: Animal skin       |     2 |       |       |       |       |       ||     2
         Plate armour      |    42 |    91 |   305 |   435 |   769 |   203 ||  1845
  Dodge: Dodged            |    31 |    38 |   133 |   133 |   241 |    65 ||   641
  Block: Other             |       |       |       |    71 |    35 |    39 ||   145
         Reflection        |       |       |       |     3 |       |     9 ||    12

Table legend: (Time is in decaauts)
 A = Elapsed time spent in this place.
 B = Non-inter-level travel time spent in this place.
 C = Inter-level travel time spent in this place.
 D = Time resting spent in this place.
 E = Time spent auto-exploring this place.
 F = Levels seen in this place.
 G = Mean time per level.
                   A        B        C        D        E       F      G
               +--------+--------+--------+--------+--------+-----+--------+
         Total |  46021 |  45041 |    980 |  23363 |  14820 |  27 | 1704.5 |
       Dungeon |  18718 |  18273 |    445 |   6096 |   9302 |  15 | 1247.9 |
          Lair |  12055 |  11696 |    359 |   7150 |   3202 |   5 | 2411.0 |
     Snake Pit |   6983 |   6932 |     51 |   4602 |   1479 |   3 | 2327.7 |
  Orcish Mines |   7033 |   6909 |    124 |   5139 |    553 |   2 | 3516.5 |
       Ossuary |    619 |    619 |      0 |     82 |    203 |   1 |  619.0 |
      Gauntlet |    612 |    612 |      0 |    292 |     80 |   1 |  612.0 |
               +--------+--------+--------+--------+--------+-----+--------+

Top non-repeatable levels by time:
  Lair:5: 6177 daAuts
   Orc:2: 5264 daAuts
 Snake:2: 3623 daAuts
  Lair:4: 2382 daAuts
     D:7: 2001 daAuts
     D:8: 1850 daAuts
   Orc:1: 1769 daAuts
 Snake:1: 1686 daAuts
 Snake:3: 1673 daAuts
    D:10: 1659 daAuts
     D:9: 1572 daAuts
    D:11: 1497 daAuts
  Lair:1: 1371 daAuts
     D:4: 1311 daAuts
    D:15: 1283 daAuts
